 Dungeon Crawl Stone Soup version 0.17.0-1-g61d176b (webtiles) character file.

2688 M4edhros the Covert (level 9, -5/54 HPs)
             Began as an Octopode Artificer on Nov 7, 2015.
             Was a Priest of Okawaru.
             Slain by a hippogriff (6 damage)
             ... on level 7 of the Dungeon.
             The game lasted 00:21:12 (8063 turns).

M4edhros the Covert (Octopode Artificer)            Turns: 8063, Time: 00:21:12

Health: -5/54      AC:  1    Str: 10    XL:     9   Next: 64%
Magic:  14/14      EV: 12    Int: 14    God:    Okawaru [***...]
Gold:   361        SH:  4    Dex: 16    Spells: 0 memorised, 8 levels left

rFire  + + .     SeeInvis .     p - +1 rod of destruction (2/14)
rCold  x . .     Clarity  .     t - +0 buckler
rNeg   . . .     SustAt   .     (helmet restricted)
rPois  .         Gourm    .     (no amulet)
rElec  .         Spirit   .     A - ring of fire
rCorr  .         Warding  .     a - ring of protection from magic
rMut   .         Stasis   .     i - ring of protection from fire
MR     +....                    (no ring)
Stlth  ++++++....               (no ring)
                                (no ring)
                                (no ring)
                                (no ring)

@: somewhat resistant to hostile enchantments, very stealthy
A: almost no armour, amphibious, 8 rings, constrict 8, camouflage 1, gelatinous
body 1
a: Heroism, Renounce Religion


You were on level 7 of the Dungeon.
You worshipped Okawaru.
Okawaru was most pleased with you.
You were hungry.

You visited 1 branch of the dungeon, and saw 7 of its levels.
You also visited: Sewer.

You collected 361 gold pieces.

Inventory:

Hand Weapons
 f - a +3 flail of protection
 h - a +1 spear
 j - a +0 hunting sling of flaming
Missiles
 k - 22 sling bullets
 m - 11 steel sling bullets
 n - 222 stones (quivered)
Armour
 t - a +0 buckler (worn)
 F - a +0 shield
Magical Staves
 E - an uncursed staff of fire
Rods
 p - a +1 rod of destruction (2/14) (weapon)
   (You found it on level 4 of the Dungeon)
Jewellery
 a - a ring of protection from magic (right tentacle)
 i - a ring of protection from fire (on tentacle)
 r - an uncursed ring of teleportation
 A - a ring of fire (left tentacle)
Wands
 b - a wand of flame (3)
 c - a wand of enslavement (14)
 d - a wand of random effects (10)
 s - a wand of confusion (23)
 u - a wand of magic darts (32)
Scrolls
 l - a scroll of amnesia
 w - a scroll of blinking
 x - a scroll of enchant armour
 y - 2 scrolls of remove curse
 C - a scroll of fog
 D - a scroll of identify
Potions
 g - 2 potions of flight
 q - 3 potions of brilliance
 v - a potion of poison
 z - 2 potions of berserk rage
 B - a potion of lignification
Comestibles
 e - 3 bread rations
 o - 2 meat rations
 G - a chunk of flesh


   Skills:
 + Level 1.9 Fighting
   Level 1.0 Short Blades
 - Level 5.0 Polearms
 * Level 6.6 Slings
 + Level 2.6 Dodging
 * Level 10.5 Stealth
 + Level 1.2 Shields
 + Level 6.7 Evocations


You had 8 spell levels left.
You didn't know any spells.

Dungeon Overview and Level Annotations

Branches:
Dungeon (7/15)             Temple (0/1) D:7

Altars:
Ashenzari
Cheibriados
Elyvilon
Fedhas
Nemelex Xobeh
Okawaru
Qazlal
Vehumet
Xom
Yredelemnul
The Shining One

Shops:
D:7 }

Annotations:
D:2 1 runed door


Innate Abilities, Weirdness & Mutations

You cannot wear most types of armour.
You are amphibious.
You can wear up to eight rings at the same time.
You can use your tentacles to constrict eight enemies at once.
Your skin changes colour to match your surroundings (Stealth).
Your rubbery body absorbs attacks (AC +1).


Message History

The hippogriff bites you!
* * * LOW HITPOINT WARNING * * *
You block the hippogriff's attack. The hippogriff misses you.
Evoke which item? (* to show all) (? for menu, Esc to quit)
Zapping:
c - a wand of enslavement (16)
Press: ? - help, Shift-Dir - straight line, f/p - hippogriff
Aim: a hippogriff (heavily wounded, chance to defeat MR: 60%)
The hippogriff resists with significant effort.
This wand has 15 charges left.
The hippogriff bites you!
* * * LOW HITPOINT WARNING * * *
The hippogriff barely misses you. The hippogriff closely misses you.
Evoke which item? (* to show all) (? for menu, Esc to quit)
Zapping:
c - a wand of enslavement (15)
Press: ? - help, Shift-Dir - straight line, f/p - hippogriff
Aim: a hippogriff (heavily wounded, chance to defeat MR: 60%)
The hippogriff resists with significant effort.
This wand has 14 charges left.
The hippogriff bites you.
* * * LOW HITPOINT WARNING * * *
The hippogriff closely misses you. The hippogriff claws you.
You die...

..... ..# #.# #.##.#
#.# #.# #. #.# #.# #.#
#. #.# #.#
###########.# #.#
#...........#
#.###.###########
#.##...##...#...##
#......#.........##
#..#.@..........._####
#..#H###.........##...
....((((..##
##...#...######
####.###.#.# #########
# #.##.# #.# ..# #.#
## .# #### .. ...


You could see a hippogriff.

Vanquished Creatures
  A hungry ghost (D:7)
  Menkaure (D:7)
  Edmund (D:5)
  An ice beast (D:5)
  Purgy (Sewer)
  An orc warrior (D:7)
  An ogre (D:5)
  2 centaurs
  Blork the orc (D:6)
  A giant frog (D:6)
  A gnoll sergeant (D:7)
  A giant frog zombie (D:6)
  2 centaur zombies
  3 crimson imps
  8 hounds
  Crazy Yiuf (D:6)
  2 giant frog skeletons
  3 iguanas
  2 human skeletons (D:2)
  8 orc priests
  5 worker ants
  4 orc wizards
  A hound skeleton (D:4)
  A worker ant zombie (D:6)
  18 gnolls
  9 adders
  A river rat (D:6)
  2 shadow imps
  2 adder skeletons
  2 worms
  5 giant geckos
  27 orcs
  6 giant cockroaches
  7 goblins
  4 hobgoblins
  3 jackals (D:2)
  12 kobolds
  3 ball pythons
  12 bats
  A giant newt (D:5)
  A jackal skeleton (D:4)
  2 quokkas
  8 rats
  A fungus (D:6)
179 creatures vanquished.

Vanquished Creatures (collateral kills)
  An orc wizard (D:4)
  2 orcs (D:4)
3 creatures vanquished.

Vanquished Creatures (others)
  An orc wizard (D:4)
  A gnoll shaman (D:4)
  A gnoll (D:2)
  A worm (D:4)
  A hobgoblin (D:2)
  A giant gecko (D:2)
6 creatures vanquished.

Grand Total: 188 creatures vanquished

Notes
Turn   | Place    | Note
--------------------------------------------------------------
     0 | D:1      | M4edhros the Octopode Artificer began the quest for the Orb.
     0 | D:1      | Reached XP level 1. HP: 13/13 MP: 3/3
   130 | D:1      | Reached XP level 2. HP: 5/18 MP: 4/4
   234 | D:2      | Reached skill level 4 in Evocations
   234 | D:2      | Reached XP level 3. HP: 6/23 MP: 4/6
   500 | D:2      | Found an iron altar of Okawaru.
   500 | D:2      | Found a shattered altar of Ashenzari.
   500 | D:2      | Found a sparkling altar of Nemelex Xobeh.
   507 | D:2      | Became a worshipper of Warmaster Okawaru
   814 | D:1      | Reached XP level 4. HP: 23/28 MP: 7/7
  1132 | D:1      | Reached skill level 1 in Polearms
  1286 | D:2      | Found a runed door.
  1286 | D:2      | Noticed a human
  1611 | D:2      | Found a basalt altar of Yredelemnul.
  1747 | D:2      | Reached XP level 5. HP: 17/33 MP: 8/8
  2269 | D:3      | Found a stormy altar of Qazlal.
  2569 | D:3      | Reached skill level 1 in Slings
  2569 | D:3      | Reached skill level 5 in Stealth
  2792 | D:4      | Reached XP level 6. HP: 38/38 MP: 9/9
  3063 | D:4      | Reached skill level 5 in Evocations
  3089 | D:4      | Reached * piety under Okawaru
  3200 | D:4      | Reached skill level 6 in Stealth
  3200 | D:4      | Reached XP level 7. HP: 15/43 MP: 10/10
  3625 | D:4      | Found a shimmering altar of Xom.
  3690 | D:4      | Found a glowing golden altar of the Shining One.
  4086 | D:5      | Entered Level 5 of the Dungeon
  4090 | D:5      | Identified a +0 rod of destruction (12/12) (You found it on level 4 of the Dungeon)
  4092 | D:5      | Noticed Edmund
  4470 | D:5      | Reached skill level 7 in Stealth
  4664 | D:5      | Reached ** piety under Okawaru
  4720 | D:5      | Killed Edmund
  4720 | D:5      | Reached XP level 8. HP: 27/48 MP: 12/12
  5765 | D:6      | Found a glowing drain.
  5858 | Sewer    | Entered a sewer
  5899 | Sewer    | Noticed Purgy
  5913 | Sewer    | Killed Purgy
  5913 | Sewer    | Reached skill level 5 in Slings
  5913 | Sewer    | Reached skill level 8 in Stealth
  6088 | D:6      | Noticed Blork the orc
  6094 | D:6      | Killed Blork the orc
  6468 | D:6      | Reached skill level 9 in Stealth
  6535 | D:6      | Reached XP level 9. HP: 47/53 MP: 13/13
  6757 | D:6      | Reached *** piety under Okawaru
  7112 | D:6      | Noticed Crazy Yiuf
  7115 | D:6      | Killed Crazy Yiuf
  7434 | D:7      | Reached skill level 5 in Polearms
  7469 | D:7      | Found a radiant altar of Vehumet.
  7480 | D:7      | Found Dobuw's Gadget Emporium.
  7493 | D:7      | Found a staircase to the Ecumenical Temple.
  7510 | D:7      | Found a snail-covered altar of Cheibriados.
  7513 | D:7      | Found a white marble altar of Elyvilon.
  7690 | D:7      | Reached skill level 10 in Stealth
  7923 | D:7      | Reached skill level 1 in Shields
  7975 | D:7      | Noticed Menkaure
  7982 | D:7      | Killed Menkaure
  8034 | D:7      | Found a blossoming altar of Fedhas.
  8063 | D:7      | HP: 1/54 [hippogriff (3)]
  8063 | D:7      | Slain by a hippogriff

Action                   |  1- 3 |  4- 6 |  7- 9 || total
-------------------------+-------+-------+-------++-------
Melee: Short sword       |    34 |       |       ||    34
       Spear             |    31 |   136 |    90 ||   257
       Hunting sling     |       |     2 |       ||     2
       Flail             |       |       |    37 ||    37
 Fire: Hunting sling     |       |   125 |   275 ||   400
Evoke: Wand              |     5 |    11 |    12 ||    28
       Rod               |       |       |    25 ||    25
  Use: Potion            |     1 |     6 |     2 ||     9
       Scroll            |       |     8 |     8 ||    16
 Stab: Sleeping          |     6 |     5 |     5 ||    16
       Distracted        |       |     2 |     1 ||     3
  Eat: Chunk             |       |     7 |    12 ||    19
       Meat ration       |       |       |     3 ||     3
       Beef jerky        |       |       |     1 ||     1
